 Dungeon Crawl Stone Soup version 0.31-a0-214-gb37851dbb3 (webtiles) character file.

Game seed: 1240025586394386650

116 qw the Shooter (level 5, -2/30 HPs)
             Began as a Gargoyle Hexslinger on July 1, 2023.
             Slain by Robin
             ... wielding a +4 spectral club
              (4 damage)
             ... on level 3 of the Dungeon.
             The game lasted 00:00:51 (1573 turns).

qw the Shooter (Gargoyle Hexslinger)                Turns: 1573, Time: 00:00:52

Health: -2/30      AC:  9    Str: 12    XL:     5   Next: 1%
Magic:  6/6        EV: 10    Int: 13    God:
Gold:   124        SH:  0    Dex: 14    Spells: 5/6 levels left

rFire   . . .        Y - +1 sling
rCold   . . .        (no shield)
rNeg    + . .        h - +0 ring mail
rPois   inf          (no helmet)
rElec   +            (no cloak)
rCorr   .            (no gloves)
SInv    .            (no boots)
Will    .....        (no amulet)
Stlth   +            (no ring)
HPRegen 0.25/turn    (no ring)
MPRegen 0.10/turn

%: no passive effects
@: no status effects
A: sickness immunity, AC +4, negative energy resistance 1, electricity
resistance, torment resistance 1, petrification resistance
a: no special abilities


You were on level 3 of the Dungeon.
You visited 1 branch of the dungeon, and saw 3 of its levels.

You collected 124 gold pieces.


Innate Abilities, Weirdness & Mutations

You are immune to sickness and miasma.
Your stone body is resilient. (AC +4)
You are immune to poison.
You resist negative energy. (rN+)
You are resistant to electric shocks. (rElec)
You are resistant to unholy torment.
You are immune to petrification.


   Skills:
 - Level 2.0 Fighting
 + Level 4.5 Ranged Weapons
 - Level 1.0 Armour
 - Level 1.5 Dodging
 - Level 1.0 Spellcasting
 - Level 2.6 Hexes


You had 5 spell levels left.
You knew the following spells:

 Your Spells              Type           Power      Damage    Failure   Level
a - Slow                  Hex            28%        N/A       22%         1

Your spell library contained the following spells:

 Spells                   Type           Power      Damage    Failure   Level
 Inner Flame              Hex/Fire       4%         N/A       73%         3
 Portal Projectile        Hex/Tloc       8%         N/A       73%         3
 Cause Fear               Hex            3%         N/A       91%         4

Inventory:

Hand Weapons
 Y - a +1 sling (weapon)
Armour
 b - a +0 cloak
 h - a +0 ring mail (worn)
Scrolls
 c - a scroll of silence {unknown}
 d - a scroll of vulnerability {unknown}
 e - a scroll of identify
Potions
 a - a potion of heal wounds {unknown}
 f - a potion of curing

Dungeon Overview and Level Annotations

Branches:
Dungeon (3/15)

Altars:
Nemelex Xobeh

Annotations:
D:3 Robin


Message History

Enter note:
Enter note:
1563 ||| STILL FLEEEEING.
Enter note:
Enter note:
1564 ||| STILL FLEEEEING.
Enter note:
Enter note: You start resting.
Robin is nearby!
You shoot a sling bullet. The sling bullet hits Robin.
Robin is heavily wounded.
An iguana comes into view.
You shoot a sling bullet.
The sling bullet hits Robin but does no damage.
Robin is heavily wounded.
You shoot a sling bullet. The sling bullet closely misses Robin.
You shoot a sling bullet. The sling bullet closely misses Robin.
You shoot a sling bullet. The sling bullet barely misses Robin.
A goblin comes into view. It is wielding a +0 club.
You shoot a sling bullet. The sling bullet barely misses Robin.
The goblin shouts!
The sling bullet hits the goblin.
You kill the goblin!
Robin hits you but does no damage. The +4 spectral club hits you.
Robin barely misses you. The +4 spectral club hits you!
The iguana bites you but does no damage.
A +4 spectral club comes into view.
You shoot a sling bullet. The sling bullet barely misses Robin.
The sling bullet closely misses the goblin.
The +4 spectral club hits you.
The +4 spectral club hits you but does no damage.
The +4 spectral club misses you. The iguana bites you.
Robin hits you with a +4 spectral club. The +4 spectral club hits you.
You shoot a sling bullet. The sling bullet hits Robin.
Robin is severely wounded.
The +4 spectral club hits you but does no damage. x3
The +4 spectral club hits you. The iguana bites you.
Robin hits you with a +4 spectral club.
You die...

...##..........###
.##....[....)%..#####.
.##.##...............#
###.##..............#
.##.##..............#
....##........<.....#
..####.........#....#
..# #..#......##l...#
..# #.#..#######@...#
..###.#.## ###g(..####
..##..#.# ##>.........
.###.##.#
#.).#.##).... ##
#.##.###..###.# #####
####.##.#... #g# ..
..#..##.#.#### #.# ...
#.#.###....(.###)###
.g. #...#
##.###.......# #.##


You could see a +4 spectral club, an iguana, Robin and a goblin.

Vanquished Creatures
  Jessica (D:2)
  2 adders (D:3)
  2 worms (D:2)
  3 dart slugs
  8 bats
  2 endoplasms (D:1)
  A giant cockroach (D:1)
  11 goblins
  4 hobgoblins
  4 jackals (D:1)
  2 quokkas
  7 ball pythons
  A frilled lizard (D:1)
  5 kobolds
  4 rats
57 creatures vanquished.

Notes
Turn   | Place    | Note
-------+----------+-------------------------------------------
     0 | D:1      | qw the Gargoyle Hexslinger began the quest for the Orb.
     0 | D:1      | Reached XP level 1. HP: 12/12 MP: 2/2
     0 | D:1      | 0 ||| qw: Version: 0.3-a-32-g5962c71
     0 | D:1      | 0 ||| qw: Game counter: 7623
     0 | D:1      | 0 ||| qw: Melee chars always use a shield: true
     0 | D:1      | 0 ||| qw: God list: Okawaru
     0 | D:1      | 0 ||| qw: Allow faded altars: false
     0 | D:1      | 0 ||| qw: Do Orc after clearing Dungeon:15 true
     0 | D:1      | 0 ||| qw: Do second Lair branch before Depths: true
     0 | D:1      | 0 ||| qw: Lair rune preference: random
     0 | D:1      | 0 ||| qw: Goals: Normal
     0 | D:1      | 0 ||| PLANNING D:1-11
    82 | D:1      | Reached XP level 2. HP: 16/16 MP: 3/3
   166 | D:1      | Reached skill level 3 in Ranged Weapons
   632 | D:1      | Reached XP level 3. HP: 11/21 MP: 4/4
   685 | D:1      | 685 ||| UPGRADING to +0 leather armour.
   695 | D:1      | 695 ||| DROPPING +0 robe.
   696 | D:1      | 696 ||| READING scroll labelled HESAIFRASCH.
   697 | D:1      | 697 ||| READING scroll labelled BUACAOMUDGH.
   698 | D:1      | 698 ||| DROPPING scroll of poison.
   803 | D:2      | Noticed Jessica
   811 | D:2      | Killed Jessica
   812 | D:2      | Reached XP level 4. HP: 17/26 MP: 5/5
  1007 | D:2      | Reached skill level 4 in Ranged Weapons
  1243 | D:2      | 1243 ||| UPGRADING to +0 ring mail.
  1253 | D:2      | 1253 ||| DROPPING +0 leather armour.
  1254 | D:2      | 1254 ||| READING 2 scrolls labelled RED XARHIA.
  1255 | D:2      | 1255 ||| READING scroll labelled WEFAMO USHA.
  1256 | D:2      | 1256 ||| READING scroll labelled BYISTR WONI.
  1259 | D:2      | 1259 ||| READING scroll labelled REEPRI IKLOL.
  1260 | D:2      | 1260 ||| READING scroll labelled YBUOSTR DUOREK.
  1261 | D:2      | 1261 ||| READING scroll labelled FIOSTR ZELYPI.
  1262 | D:2      | 1262 ||| READING 2 scrolls of identify.
  1262 | D:2      | 1262 ||| IDENTIFYING dark potion
  1263 | D:2      | 1263 ||| DROPPING scroll of fog.
  1283 | D:3      | 1283 ||| STAIRDANCE
  1356 | D:3      | 1356 ||| STAIRDANCE
  1366 | D:2      | Reached skill level 1 in Armour
  1543 | D:3      | Found a sparkling altar of Nemelex Xobeh.
  1546 | D:3      | Noticed Robin
  1551 | D:3      | Reached XP level 5. HP: 25/30 MP: 6/6
  1551 | D:3      | 1551 ||| FLEEEEING.
  1556 | D:3      | 1556 ||| FLEEEEING.
  1557 | D:3      | 1557 ||| FLEEEEING.
  1558 | D:3      | 1558 ||| FLEEEEING.
  1559 | D:3      | 1559 ||| FLEEEEING.
  1572 | D:3      | HP: 6/30 [+4 spectral club[Robin] (2)]
  1573 | D:3      | HP: 2/30 [iguana (2)]
  1573 | D:3      | Slain by Robin

Levels and vault maps discovered:
D:1:      wander_arrival_chamber, layout_basic, serial_curves, eino_curves_01,
          eino_curves_02, eino_curves_04
D:2:      minmay_general_purpose_star, layout_rooms, uniq_jessica
D:3:      layout_rooms, nicolae_ru_awakened_eye, lemuel_round_altar,
          chequers_serial_rivers_micro_e, uniq_robin

Skill      XL: |  1  2  3  4 |
---------------+-------------+-----
Ranged Weapons | 3 4 |  4.5
Fighting       | 2 |  2.0
Armour         | 1 |  1.0
Dodging        | |  1.5
Spellcasting   | |  1.0
Hexes          | |  2.6

Action                     |  1- 3 |  4- 6 || total
---------------------------+-------+-------++-------
   Fire: Sling             |   108 |   108 ||   216
    Use: Scroll            |     2 |     7 ||     9
 Armour: Robe              |    23 |       ||    23
         Leather armour    |     4 |       ||     4
         Ring mail         |       |    65 ||    65
  Dodge: Dodged            |    77 |    63 ||   140

Table legend:
 A = Non-vault XP
 B = Vault XP
 C = Vault XP percentage of total XP
 D = Non-vault monster count
 E = Vault monster count
 F = Vault count percentage of total count
                 A         B        C        D         E       F
            +---------+---------+-------+---------+---------+-------
      Total |     104 |      63 |  37.7 |      43 |      14 |  24.6
            +---------+---------+-------+---------+---------+-------
        D:1 |      35 |       0 |   0.0 |      21 |       0 |   0.0
        D:2 |      31 |      57 |  64.8 |      15 |      11 |  42.3
        D:3 |      38 |       6 |  13.6 |       7 |       3 |  30.0
            +---------+---------+-------+---------+---------+-------
